 Dungeon Crawl Stone Soup version 0.27.1-34-g3ba077fa99 (webtiles) character file.

Game seed: 4446682125259841301

1216 zeram the Conjurer (level 8, 0/46 HPs)
             Began as an Octopode Conjurer on Jan 8, 2022.
             Slain by a kobold brigand (12 damage)
             ... on level 5 of the Dungeon.
             The game lasted 00:09:39 (6343 turns).

zeram the Conjurer (Octopode Conjurer)              Turns: 6343, Time: 00:09:39

Health: 0/46       AC:  1    Str:  6    XL:     8   Next: 46%
Magic:  11/14      EV: 14    Int: 22    God:
Gold:   350        SH:  0    Dex: 11    Spells: 5/15 levels left

rFire    . . .     SeeInvis .   n - +1 dagger (vamp)
rCold    . . .     Faith    .   (no shield)
rNeg     . . .     Spirit   .   (helmet restricted)
rPois    +         Reflect  .   (no amulet)
rElec    .         Harm     .   b - ring of resist corrosion
rCorr    +         Rampage  .   d - ring of poison resistance
Will     .....                  (no ring)
Stlth    +++.......             (no ring)
HPRegen  0.15/turn              (no ring)
MPRegen  0.14/turn              (no ring)
                                (no ring)
                                (no ring)

@: no status effects
A: almost no armour, amphibious, 8 rings, camouflage 1, gelatinous body 1,
(nimble swimmer 1), tentacles
a: no special abilities


You were on level 5 of the Dungeon.
You visited 1 branch of the dungeon, and saw 6 of its levels.

You collected 350 gold pieces.

Inventory:

Hand Weapons
 a - a +0 long sword
 n - a +1 vampiric dagger (weapon)
Jewellery
 b - a ring of resist corrosion (left tentacle)
 d - a ring of poison resistance (right tentacle)
 l - an amulet of faith
Wands
 c - a wand of polymorph (6)
Scrolls
 g - 6 scrolls of teleportation
 k - a scroll of enchant armour {unknown}
Potions
 e - a potion of ambrosia
 f - a potion of haste
 h - a potion of invisibility
 i - 2 potions of mutation
 j - 2 potions of flight
 m - a potion of heal wounds


   Skills:
 + Level 5.5 Dodging
 - Level 2.6 Stealth
 + Level 4.1 Spellcasting
 + Level 7.8 Conjurations
 * Level 2.8 Summonings


You had 5 spell levels left.
You knew the following spells:

 Your Spells              Type           Power      Damage    Failure   Level
a - Magic Dart            Conj           100%       1d8       1%          1
b - Searing Ray           Conj           78%        3d6       1%          2
c - Summon Hydra          Summ           8%         N/A       100%        7

Your spell library contained the following spells:

 Spells                   Type           Power      Damage    Failure   Level
 Dazzling Flash           Conj/Hex       42%        N/A       7%          3
 Sublimation of Blood     Necr           2%         N/A       17%         2
 Wereblood                Tmut           4%         N/A       17%         2
 Fulminant Prism          Conj/Hex       10%        3d9       22%         4
 Iskenderun's Mystic Bla  Conj/Tloc      21%        2d6       22%         4
 Gell's Gravitas          Tloc           2%         N/A       32%         3
 Lesser Beckoning         Tloc           2%         N/A       32%         3
 Teleport Other           Tloc           4%         N/A       32%         3


Dungeon Overview and Level Annotations

Branches:
Dungeon (6/15)
 Temple: D:4-7

Altars:
Nemelex Xobeh

Shops:
D:3 (

Annotations:
D:5 1 runed translucent door, ambi's ghost, amateur TrMo


Innate Abilities, Weirdness & Mutations

You cannot wear most types of armour.
You are amphibious.
You can wear up to eight rings at the same time.
Your skin changes colour to match your surroundings (Stealth+).
Your rubbery body absorbs attacks. (AC +1, EV +1)
((You are camouflaged near water. (Stealth+)))
You have tentacles for arms and can constrict up to eight enemies at once.


Message History

You hit the kobold but do no damage. You hit the kobold.
You kill the kobold!
No target in view!
No target in view!
You start resting.
HP restored.
You see here a +1 vampiric dagger.
n - a +1 vampiric dagger
There is a stone staircase leading down here.
You aren't carrying any wearable armour.
You feel a sense of dread.
n - a +1 vampiric dagger (weapon)
You start waiting.
Done waiting.
You climb downwards.
The kobold brigand hits you with a +2 dagger of electrocution!
The kobold hits you with a +0 dagger.
There is a stone staircase leading up, spattered with blood here.
The kobold brigand hits you with a +2 dagger of electrocution.
The kobold hits you but does no damage.
You climb upwards.
Level annotation: 1 runed translucent door, ambi's ghost, amateur TrMo
There is a stone staircase leading down here.
Casting: Magic Dart (safe; 1% risk of failure)
Confirm with . or Enter, or press ? or * to list all spells.
Aiming: Searing Ray (safe; 1% risk of failure)
Press: ? - help, Shift-Dir - straight line, f - kobold brigand
Aim: a kobold brigand, wielding a +2 dagger of electrocution and quivering poisoned darts (76% to hit)
The searing ray hits the kobold brigand!
The kobold brigand is moderately wounded. (Press . to maintain the ray.)
The kobold brigand hits you with a +2 dagger of electrocution!
The kobold hits you with a +0 dagger.
The searing ray hits the kobold brigand.
The kobold brigand is heavily wounded.
The kobold brigand hits you with a +2 dagger of electrocution!
* * * LOW HITPOINT WARNING * * *
You are electrocuted!
You die...

####.# #.####.# # # #.####
#....#.#### # # #....#
####.#....# # # #####)# #.####.#
# # #.....# #.####.# # #
#.#############.#....# # #
#.#....(........#.#############
##.#.....#########.............#
#......#.####.#@#.#.#.#.#.#.#.#.
#.####.#...#..K)K)..............
#.######...##.#.#.#.#.#.#.#.#.#.
#....#...#......................
##...#......#.#.#.#.#.#.#.#.#.#.
####.....#...).....#)###....#....
.#..#(#..#.........#)# ####.#.).(
.#.....#####...[..##.#### #.#....
....#..# #.#.....##....###.#....


You could see a kobold brigand and a kobold.

Vanquished Creatures
  Eustachio (D:4)
  An orc warrior (D:5)
  A black bear (D:5)
  A necrophage (D:4)
  2 ogres (D:5)
  A water moccasin skeleton (D:2)
  A howler monkey (D:5)
  4 hounds
  A gnoll shaman (D:5)
  An orc priest (D:5)
  A centaur skeleton (D:4)
  2 iguanas
  A killer bee zombie (D:6)
  2 hound zombies (D:5)
  A hound skeleton (D:5)
  3 gnolls (D:5)
  5 adders
  An adder skeleton (D:4)
  5 dart slugs
  4 worms
  11 orcs
  7 ball pythons
  17 bats
  9 endoplasms
  6 giant cockroaches
  7 goblins
  5 hobgoblins
  8 jackals
  2 quokkas
  2 frilled lizards
  11 kobolds
  7 rats
131 creatures vanquished.

Notes
Turn   | Place    | Note
-------+----------+-------------------------------------------
     0 | D:1      | zeram the Octopode Conjurer began the quest for the Orb.
     0 | D:1      | Reached XP level 1. HP: 11/11 MP: 3/3
   134 | D:1      | Reached XP level 2. HP: 17/17 MP: 5/5
   482 | D:1      | Found a faded altar of an unknown god.
   892 | D:1      | Reached XP level 3. HP: 20/21 MP: 6/6
  1009 | D:1      | Learned a level 2 spell: Searing Ray
  1929 | D:2      | HP: 1/21 [water moccasin skeleton (3)]
  1935 | D:2      | Reached skill level 5 in Conjurations
  1935 | D:2      | Reached XP level 4. HP: 1/27 MP: 1/7
  2521 | D:2      | Reached XP level 5. HP: 22/31 MP: 3/8
  2844 | D:3      | Found Kuodud's Antique Weapon Emporium.
  3043 | D:3      | Found a sparkling altar of Nemelex Xobeh.
  3340 | D:4      | Noticed Eustachio
  3350 | D:4      | Killed Eustachio
  3351 | D:4      | Reached skill level 6 in Conjurations
  3351 | D:4      | Reached XP level 6. HP: 36/36 MP: 0/10
  3474 | D:4      | Noticed a necrophage
  3485 | D:4      | Killed a necrophage
  3587 | D:4      | Reached XP level 7. HP: 10/41 MP: 11/11
  3595 | D:4      | Learned a level 7 spell: Summon Hydra
  4500 | D:5      | Entered Level 5 of the Dungeon
  4505 | D:5      | Reached skill level 7 in Conjurations
  4605 | D:5      | Reached skill level 1 in Summonings
  4781 | D:5      | Reached XP level 8. HP: 46/46 MP: 1/13
  5100 | D:5      | Reached skill level 5 in Dodging
  5350 | D:5      | Found a runed translucent door.
  5769 | D:5      | Noticed ambi's ghost (amateur TrMo)
  6343 | D:5      | Slain by a kobold brigand

Illustrated notes

Levels and vault maps discovered:
D:1:      dpeg_arrival_rhombus, layout_basic,
          hellmonk_ecumenical_altar_heavens_door, hangedman_decor_growths
D:2:      minmay_razor_zed, layout_basic, minmay_tetromino_l2
D:3:      layout_rooms, mainiacjoe_overflow_six_doors_small, serial_shops,
          nicolae_shop_behind_doors
D:4:      layout_basic, uniq_eustachio
D:5:      wander_river, layout_basic, ebering_ghost_reflecting_pool,
          st_stairs_13, hangedman_decor_push
D:6:      layout_cave_pools, slow_altar_2, minmay_temple_entry_from_below_a,
          serial_co_window_serial, co_window_paths_b, co_window_paths_a,
          co_window_of_opportunity_a, co_window_paths_a,
          co_window_of_opportunity_a, co_window_of_opportunity_c,
          co_window_corner_b, co_window_corner_b, glass_columns_c,
          minmay_misc_feat_rugged, uniq_sigmund

Skill      XL: |  1  2  3  4  5  6  7  8 |
---------------+-------------------------+-----
Conjurations   | 5 6 7 |  7.8
Dodging        | 3 4 5 |  5.5
Spellcasting   | 3 4 |  4.1
Summonings     | 2 |  2.8
Stealth        | |  2.6

Action                   |  1- 3 |  4- 6 |  7- 9 || total
-------------------------+-------+-------+-------++-------
Melee: Long sword        |    64 |    65 |    50 ||   179
       Unarmed           |     3 |       |       ||     3
       Constrict         |    16 |    17 |    18 ||    51
       Tentacles         |     6 |    11 |    13 ||    30
 Cast: Magic Dart        |     7 |     3 |    14 ||    24
       Searing Ray       |     3 |     9 |    16 ||    28
  Use: Potion            |     2 |       |     1 ||     3
       Scroll            |     1 |     5 |     5 ||    11
 Stab: Sleeping          |    14 |    12 |     8 ||    34
Armor: Skin              |     7 |    12 |     3 ||    22
Dodge: Dodged            |    55 |    61 |    51 ||   167
       Rpst.: Long sword |    18 |    16 |    17 ||    51
